 Dungeon Sprint DCSS version 0.24-a0-317-g5cb8de4b22 (webtiles) character file.

Game seed: 7687857012380446673

13100000 Hercules1031 the Axe Maniac (level 27, -5/298 HPs)
             Began as a Deep Dwarf Warper on May 16, 2019.
             Was the Champion of Makhleb.
             Killed from afar by a scourge (53 damage)
             ... with a poison arrow
             ... in the Dungeon (Sprint VIII: "Arena of Blood").
             The game lasted 00:06:37 (131 turns).

Hercules1031 the Axe Maniac (Deep Dwarf Warper)      Turns: 131, Time: 00:06:37

Health: -5/298     AC:  6    Str: 20    XL:     27
Magic:  34/52      EV: 35    Int: 13    God:    Makhleb [******]
Gold:   0          SH:  0    Dex: 21    Spells: 80/80 levels left

rFire    + . .     SeeInvis .   c - +∞ Axe of Woe
rCold    . . .     Gourm    .   (shield currently unavailable)
rNeg     + . .     Faith    .   b - +0 leather armour
rPois    .         Spirit   .   (no helmet)
rElec    .         Reflect  .   (no cloak)
rCorr    .         Harm     .   (no gloves)
MR       ++++.     NoTele   +   (no boots)
Stlth    +++++++++.             (no amulet)
HPRegen  0.00/turn              l - ring of protection from fire
MPRegen  0.33/turn              (no ring)

@: lethally poisoned (-5 -> -50), non-regenerating, hasted, very quick
A: damage resistance, heal wounds, negative energy resistance 1, sense
surroundings 3, no regeneration
a: Heal Wounds, Minor Destruction, Lesser Servant of Makhleb, Major Destruction,
Greater Servant of Makhleb, Renounce Religion


You were in the Dungeon.
You worshipped Makhleb.
Makhleb was exalted by your worship.
You were not hungry.

You visited 1 branch

Inventory:

Hand Weapons
 a - a +0 hand axe
 c - the +∞ Axe of Woe (weapon)
   (You found it in the Dungeon)
Missiles
 e - 5 boomerangs of dispersal (quivered)
Armour
 b - a +0 leather armour (worn)
Jewellery
 l - a ring of protection from fire (left hand)
Scrolls
 d - a scroll of blinking
Potions
 g - a potion of curing
 j - 2 potions of magic
 k - a potion of berserk rage
Comestibles
 f - a ration


   Skills:
 O Level 27 Fighting
 O Level 27 Axes
 O Level 27 Throwing
 O Level 27 Armour
 O Level 27 Dodging
 O Level 27 Stealth
 O Level 27 Unarmed Combat
 O Level 27 Spellcasting
   Level 3.2 Translocations
 O Level 27 Invocations


You had 80 spell levels left.
You didn't know any spells.
Your spell library contained the following spells:

 Spells                   Type           Power        Failure   Level  Hunger
 Blink                    Tloc           N/A          1%          2    None
 Shroud of Golubria       Chrm/Tloc      ###.......   1%          2    None
 Gell's Gravitas          Tloc           ####......   1%          3    None
 Lesser Beckoning         Tloc           ####......   1%          3    None
 Teleport Other           Tloc           ####....     1%          3    None
 Passage of Golubria      Tloc           N/A          5%          4    None


Dungeon Overview and Level Annotations

Branches:
Dungeon (1/1)

Altars:
Makhleb


Innate Abilities, Weirdness & Mutations

You are resistant to damage.
You can heal yourself by infusing magical energy.
You resist negative energy. (rN+)
You passively map a large area around you.
You do not regenerate.


Message History

Unknown command.
You feel much better.
You are engulfed in poison gas.
You are poisoned.
You hear a shout!
The destroyer blinks!
The accursed points at you and mumbles some strange words.
Something smites you!
* * * LOW HITPOINT WARNING * * *
The accursed points at you and mumbles some strange words.
Something smites you!
* * * LOW HITPOINT WARNING * * *
The large bag of meat shouts in stereo!
Unknown command.
Unknown command.
You hear a shout! x2
The scourge is engulfed in poison gas.
The scourge looks as sick as possible!
The scourge throws poison arrow at you. The poison arrow hits you!!!
You are more poisoned.
You die...

#...... ###...#....
#.....###.....o#...
#.o..#.............
#........#....V....
#.V....V.)#..oo.V..
#.)).....)..o#)....
#...oM.o.)#)§§§..##
#☼S))#......§§§))..
#○@°○##......§#...)
#☼°○°D#.....#......
#°°○...###.........
#)○.§M##....#......
#....#S.......#....
#....#o..LD........
#........O.......##
#D......O.,,,....
#........


You could see 2 accurseds, 2 eight-headed meat hydras, 2 destroyers, 2 scourges,
a large bag of meat (inner flame), a meat berserker (berserk) and 4 bags of
meat.

Vanquished Creatures
  Sigmund (D)
  8 hell beasts (D)
  5 greater mummies (D)
  4 great orbs of eyes (D)
  5 wraiths (D)
  12 vampire knights (D)
  31 ogres (D)
  2 two-headed ogres (D)
  7 liches (D)
  A hydra (D)
  86 orcs (D)
  4 phantoms (D)
  4 skeletal warriors (D)
  A sea snake (D)
  8 large abominations (D)
  6 small abominations (D)
  8 crawling corpses (D)
193 creatures vanquished.

Vanquished Creatures (collateral kills)
  A large abomination (D)
1 creature vanquished.

Vanquished Creatures (others)
  2 crawling corpses (D)
2 creatures vanquished.

Grand Total: 196 creatures vanquished

Notes
Turn   | Place    | Note
-------+----------+-------------------------------------------
     0 | D        | Found the +∞ Axe of Woe
     0 | D        | Hercules1031 the Deep Dwarf Warper began the quest for the
                  | Orb.
     0 | D        | Reached XP level 1. HP: 19/19 MP: 3/3
     1 | D        | Noticed a meat berserker
     2 | D        | Noticed a bag of meat
     3 | D        | Killed a meat berserker
     3 | D        | Reached skill level 5 in Throwing
     3 | D        | Reached skill level 5 in Armour
     3 | D        | Reached skill level 15 in Spellcasting
     3 | D        | Reached XP level 2. HP: 51/51 MP: 3/18
     3 | D        | Reached XP level 3. HP: 58/58 MP: 3/20
     3 | D        | Reached XP level 4. HP: 67/67 MP: 3/21
     3 | D        | Reached XP level 5. HP: 74/74 MP: 3/23
     3 | D        | Reached XP level 6. HP: 82/82 MP: 3/24
     3 | D        | Reached XP level 7. HP: 90/90 MP: 3/26
     3 | D        | Reached XP level 8. HP: 98/98 MP: 3/27
     3 | D        | Gained mutation: You passively map the area around you.
                  | [Deep Dwarf growth]
     3 | D        | Reached XP level 9. HP: 105/105 MP: 3/28
     3 | D        | Reached XP level 10. HP: 114/114 MP: 3/29
     3 | D        | Reached XP level 11. HP: 121/121 MP: 3/30
     3 | D        | Reached XP level 12. HP: 129/129 MP: 3/31
     3 | D        | Reached XP level 13. HP: 136/136 MP: 3/32
     3 | D        | Noticed a bag of meat
     3 | D        | Noticed a bag of meat
     5 | D        | Became a worshipper of Makhleb the Destroyer
     6 | D        | Noticed a meat berserker
     6 | D        | Noticed a meat berserker
     7 | D        | Noticed a bag of meat
     7 | D        | Noticed a bag of meat
     7 | D        | Noticed a bag of meat
     7 | D        | Noticed a bag of meat
     8 | D        | Killed a meat berserker
     8 | D        | Gained mutation: You resist negative energy. (rN+) [Deep
                  | Dwarf growth]
     8 | D        | Reached XP level 14. HP: 151/151 MP: 4/36
     8 | D        | Killed a bag of meat
     8 | D        | Reached * piety under Makhleb
     9 | D        | Killed a bag of meat
     9 | D        | Reached XP level 15. HP: 164/164 MP: 4/38
    11 | D        | Killed a meat berserker
    11 | D        | Reached ** piety under Makhleb
    11 | D        | Reached XP level 16. HP: 180/180 MP: 5/41
    11 | D        | Noticed a meat berserker
    13 | D        | Reached *** piety under Makhleb
    13 | D        | Reached skill level 27 in Axes
    13 | D        | Reached XP level 17. HP: 195/195 MP: 5/44
    14 | D        | Noticed a meat berserker
    15 | D        | Noticed a meat berserker
    16 | D        | Noticed a meat berserker
    16 | D        | Noticed a meat berserker
    19 | D        | Killed a meat berserker
    19 | D        | Reached skill level 10 in Armour
    19 | D        | Reached skill level 27 in Dodging
    19 | D        | Killed a meat berserker
    19 | D        | Reached **** piety under Makhleb
    19 | D        | Reached skill level 27 in Fighting
    19 | D        | Reached skill level 27 in Spellcasting
    19 | D        | Gained mutation: You passively map a large area around you.
                  | [Deep Dwarf growth]
    19 | D        | Reached XP level 18. HP: 84/218 MP: 7/49
    19 | D        | Killed a meat berserker
    19 | D        | Noticed a meat berserker
    20 | D        | Killed a meat berserker
    20 | D        | Reached XP level 19. HP: 226/226 MP: 7/50
    21 | D        | Noticed a destroyer
    22 | D        | Noticed a destroyer
    22 | D        | Noticed a large bag of meat
    22 | D        | HP: 11/226 [destroyer/+9 great sword of slicing (42)]
    23 | D        | Killed a destroyer
    23 | D        | Killed a destroyer
    23 | D        | Reached skill level 27 in Armour
    23 | D        | Reached XP level 20. HP: 64/236 MP: 8/51
    23 | D        | Noticed a meat berserker
    24 | D        | Reached ***** piety under Makhleb
    24 | D        | Reached skill level 27 in Throwing
    24 | D        | Killed a meat berserker
    24 | D        | Reached skill level 27 in Stealth
    25 | D        | Noticed a meat berserker
    26 | D        | Reached skill level 15 in Unarmed Combat
    26 | D        | Reached XP level 21. HP: 244/244 MP: 9/52
    27 | D        | Reached skill level 27 in Invocations
    28 | D        | Reached ****** piety under Makhleb
    28 | D        | Reached skill level 27 in Unarmed Combat
    29 | D        | Reached XP level 22. HP: 254/254 MP: 9/53
    29 | D        | Noticed a destroyer
    30 | D        | Killed a large bag of meat
    30 | D        | Noticed a destroyer
    31 | D        | Noticed a destroyer
    33 | D        | Reached XP level 23. HP: 224/262 MP: 10/54
    33 | D        | Killed a destroyer
    34 | D        | Noticed a destroyer
    35 | D        | Reached XP level 24. HP: 272/272 MP: 11/54
    37 | D        | Noticed a destroyer
    39 | D        | Reached XP level 25. HP: 280/280 MP: 12/54
    39 | D        | Killed a destroyer
    40 | D        | Killed a destroyer
    41 | D        | Reached XP level 26. HP: 290/290 MP: 12/54
    45 | D        | Noticed a tyrant
    47 | D        | Noticed a tyrant
    48 | D        | Reached XP level 27. HP: 246/298 MP: 15/54
    50 | D        | Noticed a large bag of meat
    51 | D        | Killed a destroyer
    51 | D        | Noticed a destroyer
    51 | D        | Noticed a destroyer
    53 | D        | Noticed an accursed
    54 | D        | Killed a tyrant
    54 | D        | Noticed a tyrant
    55 | D        | Killed a destroyer
    57 | D        | Noticed a tyrant
    59 | D        | Killed a destroyer
    59 | D        | Noticed a destroyer
    60 | D        | Killed a tyrant
    61 | D        | Killed a destroyer
    62 | D        | Killed a large bag of meat
    63 | D        | Killed a destroyer
    64 | D        | Noticed a destroyer
    65 | D        | Killed an accursed
    67 | D        | Noticed a meat beast
    68 | D        | Killed a tyrant
    69 | D        | Killed a tyrant
    69 | D        | Noticed a dread
    71 | D        | Killed a destroyer
    71 | D        | Noticed a dread
    72 | D        | Killed a meat beast
    75 | D        | Noticed a meat beast
    77 | D        | Noticed a meat beast
    78 | D        | Noticed a meat beast
    79 | D        | Killed a meat beast
    80 | D        | Noticed a tyrant
    81 | D        | Killed a dread
    81 | D        | Noticed a tyrant
    82 | D        | Noticed a meat beast
    82 | D        | Killed a meat beast
    82 | D        | Killed a meat beast
    82 | D        | Noticed The Captor
    83 | D        | Noticed an accursed
    84 | D        | Killed a dread
    84 | D        | Noticed a dread
    86 | D        | Killed a meat beast
    89 | D        | Noticed a destroyer
    90 | D        | Killed a tyrant
    90 | D        | Noticed a meat beast
    92 | D        | Killed a tyrant
    92 | D        | Killed The Captor
    93 | D        | Killed an accursed
    94 | D        | Killed a meat beast
    95 | D        | Noticed a tyrant
    97 | D        | Noticed a meat beast
    98 | D        | Noticed a destroyer
    99 | D        | Noticed a dread
   100 | D        | Killed a dread
   101 | D        | Noticed an accursed
   101 | D        | Killed a destroyer
   102 | D        | Killed a meat beast
   102 | D        | Noticed an accursed
   107 | D        | Noticed a dread
   109 | D        | Killed a tyrant
   109 | D        | Killed an accursed
   116 | D        | Noticed an accursed
   117 | D        | Noticed a meat beast
   118 | D        | Killed a dread
   120 | D        | Noticed an accursed
   121 | D        | Noticed an accursed
   123 | D        | Noticed a destroyer
   124 | D        | Killed a meat beast
   125 | D        | Killed a dread
   126 | D        | Killed an accursed
   126 | D        | Noticed a tyrant
   129 | D        | Killed an accursed
   129 | D        | Noticed a destroyer
   130 | D        | Noticed a large bag of meat
   131 | D        | Killed from afar by a scourge

Levels and vault maps discovered:
D:        meatsprint

Skill      XL: |  1  2  3  4  5  6  7  8  9 10 11 12 13 14 15 16 17 18 19 20 21 |
---------------+----------------------------------------------------------------+-----
Fighting       | 14 16 18 20 23 27 | 27.0
Axes           | 17 20 22 25 27 | 27.0
Throwing       | 5 6 7 8 11 20 26 27 | 27.0
Armour         | 5 6 7 8 9 12 23 27 | 27.0
Dodging        | 16 19 20 23 25 27 | 27.0
Spellcasting   | 15 18 19 21 23 27 | 27.0
Stealth        | 20 27 | 27.0
Unarmed Combat | 17 27 | 27.0
Invocations    | 22 27 | 27.0
Translocations | |  3.2

Action                   |  1- 3 |  4- 6 |  7- 9 | 10-12 | 13-15 | 16-18 | 19-21 | 22-24 | 25-27 || total
-------------------------+-------+-------+-------+-------+-------+-------+-------+-------+-------++-------
Melee: Executioner's axe |     1 |       |       |       |     4 |     4 |     6 |     7 |    68 ||    90
Invok: Greater Servant o |       |       |       |       |       |       |       |       |     4 ||     4
 Abil: Heal Wounds       |       |       |       |       |       |       |       |       |     5 ||     5
  Use: Scroll            |       |       |       |       |       |       |       |     1 |       ||     1
       Potion            |       |       |       |       |       |       |       |       |     2 ||     2
Armor: Leather armour    |       |       |       |       |       |       |       |       |     2 ||     2
Dodge: Dodged            |       |       |       |       |       |     1 |     1 |       |    11 ||    13

Table legend:
 A = Non-vault XP
 B = Vault XP
 C = Vault XP percentage of total XP
 D = Non-vault monster count
 E = Vault monster count
 F = Vault count percentage of total count
                 A         B        C        D         E       F
            +---------+---------+-------+---------+---------+-------
      Total | 4108702 | 1599064 |  28.0 |     102 |      84 |  45.2
            +---------+---------+-------+---------+---------+-------
          D | 4108702 | 1599064 |  28.0 |     102 |      84 |  45.2
            +---------+---------+-------+---------+---------+-------
